 Dungeon Crawl Stone Soup version 0.25-a0-707-g603da076d2 (webtiles) character file.

Game seed: 17119076920038109943, levelgen mode: deterministic

624381 FessEmpty the Drop of Water (level 27, -15/196 HPs)
             Began as a Gnoll Warper on Apr 3, 2020.
             Was the Champion of Ru.
             Killed from afar by a Brimstone Fiend (18 damage)
             ... with damnation
             ... on level 7 of Gehenna on Apr 4, 2020.
             The game lasted 10:34:29 (60827 turns).

FessEmpty the Drop of Water (Gnoll Warper)         Turns: 60827, Time: 10:34:30

Health: -15/196    AC: 33    Str: 31    XL:     27
Magic:  44/50      EV: 32    Int: 23    God:    Ru [******]
Gold:   3288       SH: 22    Dex: 26    Spells: 1/62 levels left

rFire    + + .     SeeInvis .   a - +8 double sword (flame)
rCold    + . .     Gourm    .   r - +5 kite shield {reflect} (curse)
rNeg     + + +     Faith    .   (armour currently unavailable)
rPois    ∞         Spirit   .   k - +3 hat of Pondering {ponderous, MR+ MP+10 Int+5}
rElec    +         Reflect  +   d - +2 cloak
rCorr    .         Harm     .   (gloves currently unavailable)
MR       +++..                  (boots currently unavailable)
Stlth    ..........             T - amulet of the Peasants {RegenMP rElec rF+ rN+ Str+9}
HPRegen  0.42/turn              S - ring of Optimism {rC+ Str+2 Int+2 Dex+9 Stlth-, =R}
MPRegen  0.57/turn              t - ring "Ideolaonk" {rElec rF+ rN+ EV+2 Int-2}

@: exhausted, statue-form, very slightly contaminated, drained, very slow
A: distributed training, claws 2, fangs 1, dopey 2, frail 3, low mp 1, screaming
1, strong 1, evolution 1, subdued magic 1, no stealth, inability to use devices,
hated by all, strong nose
}: 4/15 runes: decaying, slimy, abyssal, gossamer
a: End Transformation, Draw Out Power, Power Leap, Apocalypse, Renounce Religion


You were on level 7 of Gehenna.
You worshipped Ru.
Ru was exalted by your worship.
You were not hungry.
You were a stone statue.
You visited 11 branches of the dungeon, and saw 56 of its levels.
You visited the Abyss 3 times.
You also visited: Ice Cave.

You collected 6281 gold pieces.
You spent 2993 gold pieces at shops.

Inventory:

Hand Weapons
 a - a +8 double sword of flaming (weapon)
 Z - a +7 vorpal eveningstar
Missiles
 m - 66 poisoned darts (quivered)
Armour
 d - a +2 cloak (worn)
 k - the +3 hat of Pondering (worn) {ponderous, MR+ MP+10 Int+5}
   (You took it off Gastronok on level 1 of the Orcish Mines)

   It affects your intelligence (+5).
   It affects your resistance to hostile enchantments.
   It affects your magic capacity (+10).
 r - a cursed +5 kite shield of reflection (worn)
 s - the +0 pair of gloves of the Eagle (melded) {*Drain rN+ Dex+3 Slay+2}
   (You found it on level 4 of the Spider Nest)

   It affects your dexterity (+3).
   It affects your accuracy and damage with ranged weapons and melee attacks
   (+2).
   It protects you from negative energy.
   It causes draining when unequipped.
 D - the +0 pair of boots "Fusuut" (melded) {+Blink Dex+3}
   (You acquired it on level 1 of the Lair of Beasts)

   It affects your dexterity (+3).
   It lets you blink.
 H - +6 acid dragon scales
 V - the +9 scales of the Dragon King (melded) {rPois rF+ rC+ MR+}
   (You found it on level 3 of the Elven Halls)

   It protects you from fire.
   It protects you from cold.
   It protects you from poison.
   It affects your resistance to hostile enchantments.
Magical Staves
 b - an uncursed staff of poison
 h - an uncursed staff of cold
 p - an uncursed staff of wizardry
 P - an uncursed staff of conjuration
 U - an uncursed staff of fire
Jewellery
 t - the ring "Ideolaonk" (right claw) {rElec rF+ rN+ EV+2 Int-2}
   (You found it on level 2 of the Depths)

   [ring of evasion]

   It affects your evasion (+2).
   It affects your intelligence (-2).
   It protects you from fire.
   It insulates you from electricity.
   It protects you from negative energy.
 y - the ring of the Rabble {rPois Str+2 Int+4 SInv Stlth+}
   (You took it off a spriggan air mage on level 2 of the Depths)

   [ring of strength]

   It affects your strength (+2).
   It affects your intelligence (+4).
   It protects you from poison.
   It lets you see invisible.
   It makes you more stealthy.
 C - the ring "Zoatuma" {rF- rC+ Int+4 Dex+7}
   (You found it on level 5 of the Pits of Slime)

   [ring of intelligence]

   It affects your intelligence (+4).
   It affects your dexterity (+7).
   It makes you vulnerable to fire.
   It protects you from cold.
 E - an uncursed amulet of regeneration
 F - an uncursed amulet of the acrobat
 I - a +5 ring of evasion
 M - an uncursed amulet of the gourmand
 O - an uncursed ring of wizardry
 S - the ring of Optimism (left claw) {rC+ Str+2 Int+2 Dex+9 Stlth-, =R}
   (You found it on level 3 of the Swamp)

   [ring of intelligence]

   It affects your strength (+2).
   It affects your intelligence (+2).
   It affects your dexterity (+9).
   It protects you from cold.
   It makes you less stealthy.
 T - the amulet of the Peasants (around neck) {RegenMP rElec rF+ rN+ Str+9}
   (You took it off a deep elf demonologist on level 3 of the Elven Halls)

   [amulet of magic regeneration]

   It increases your magic regeneration.
   It affects your strength (+9).
   It protects you from fire.
   It insulates you from electricity.
   It protects you from negative energy.
 W - the ring of Piqat {rPois rF+ Dex+2}
   (You found it on level 3 of the Elven Halls)

   [ring of protection from fire]

   It affects your dexterity (+2).
   It protects you from fire.
   It protects you from poison.
 Y - an uncursed ring of resist corrosion
Scrolls
 e - 7 scrolls of teleportation
 g - 3 scrolls of blinking
 i - 23 scrolls of remove curse
 l - a scroll of magic mapping
 n - 5 scrolls of silence
 o - 5 scrolls of immolation
 x - 6 scrolls of fog
 z - a scroll of amnesia
 G - 2 scrolls of fear
 K - 2 scrolls of enchant armour
Potions
 c - 5 potions of brilliance
 j - 13 potions of curing
 q - 2 potions of mutation
 u - 2 potions of resistance
 v - 2 potions of invisibility
 w - 2 potions of berserk rage
 A - 5 potions of might
 B - 5 potions of stabbing
 J - 6 potions of cancellation
 L - 11 potions of haste
 N - 2 potions of ambrosia
 Q - 7 potions of flight
Comestibles
 f - 41 rations


   Skills:
 + Level 18.0(17.1) Fighting
 + Level 17.5(16.6) Short Blades
 + Level 18.0(17.1) Long Blades
 + Level 17.5(16.6) Axes
 + Level 17.5(16.6) Maces & Flails
 + Level 17.5(16.6) Polearms
 + Level 17.5(16.6) Staves
 + Level 17.5(16.6) Slings
 + Level 17.5(16.6) Bows
 + Level 17.5(16.6) Crossbows
 + Level 17.7(16.8) Throwing
 + Level 17.7(16.8) Armour
 + Level 18.0(17.1) Dodging
   Level 0.0 Stealth
 + Level 17.5(16.6) Shields
 + Level 17.5(16.6) Unarmed Combat
 + Level 18.1(17.1) Spellcasting
 + Level 15.1(14.3) Conjurations
 + Level 15.1(14.3) Hexes
 + Level 15.1(14.3) Charms
 + Level 15.1(14.3) Summonings
 + Level 15.1(14.3) Necromancy
 + Level 15.9(15.0) Translocations
 + Level 15.1(14.3) Transmutations
 + Level 15.1(14.3) Fire Magic
 + Level 15.1(14.3) Ice Magic
 + Level 15.1(14.3) Air Magic
 + Level 15.1(14.3) Earth Magic
 + Level 15.1(14.3) Poison Magic
 + Level 18.9(17.9) Invocations
   Level 0.0 Evocations


You had one spell level left.
You knew the following spells:

 Your Spells              Type           Power        Failure   Level  Hunger
a - Blink                 Tloc           N/A          0%          2    None
b - Confusing Touch       Hex            ######..     0%          3    None
c - Fireball              Conj/Fire      ######....   1%          5    #......
d - Mephitic Cloud        Conj/Pois/Air  ######..     0%          3    None
e - Ignite Poison         Fire/Tmut/Pois ######..     0%          3    None
f - Passage of Golubria   Tloc           N/A          1%          4    None
g - Iron Shot             Conj/Erth      ######....   1%          6    ####...
h - Iskenderun's Mystic   Conj/Tloc      ######..     1%          4    None
i - Statue Form           Tmut/Erth      ######...    1%          6    ####...
j - Olgreb's Toxic Radia  Pois           ######..     1%          4    None
k - Freezing Cloud        Conj/Ice/Air   ######....   1%          6    ####...
l - Irradiate             Conj/Tmut      ######....   1%          5    #......
m - Ring of Flames        Chrm/Fire      ######....   4%          7    ######.
n - Lesser Beckoning      Tloc           ######....   0%          3    None

Your spell library contained the following spells:

 Spells                   Type           Power        Failure   Level  Hunger
 Apportation              Tloc           ######       0%          1    None
 Beastly Appendage        Tmut           ######       0%          1    None
 Corona                   Hex            ######.      0%          1    None
 Foxfire                  Conj/Fire      ####         0%          1    None
 Freeze                   Ice            ####         0%          1    None
 Infusion                 Chrm           ####         0%          1    None
 Magic Dart               Conj           ####         0%          1    None
 Shock                    Conj/Air       ####         0%          1    None
 Sting                    Tmut/Pois      ####         0%          1    None
 Ensorcelled Hibernation  Hex/Ice        ######       0%          2    None
 Poisonous Vapours        Pois/Air       ######       0%          2    None
 Searing Ray              Conj           ######       0%          2    None
 Shroud of Golubria       Chrm/Tloc      ######       0%          2    None
 Slow                     Hex            ######..     0%          2    None
 Song of Slaying          Chrm           ######..     0%          2    None
 Sublimation of Blood     Necr           ######....   0%          2    None
 Conjure Flame            Conj/Fire      ######..     0%          3    None
 Dazzling Flash           Conj/Hex       ######       0%          3    None
 Frozen Ramparts          Ice            ######       0%          3    None
 Gell's Gravitas          Tloc           ######....   0%          3    None
 Inner Flame              Hex/Fire       ######..     0%          3    None
 Ozocubu's Armour         Chrm/Ice       ######..     0%          3    None
 Spectral Weapon          Hex/Chrm       ######..     0%          3    None
 Spider Form              Tmut/Pois      ######....   0%          3    None
 Stone Arrow              Conj/Erth      ######       0%          3    None
 Teleport Other           Tloc           ######..     0%          3    None
 Tukima's Dance           Hex            ######..     0%          3    None
 Cause Fear               Hex            ######....   1%          4    None
 Fulminant Prism          Conj/Hex       ######....   1%          4    None
 Hailstorm                Conj/Ice       ######..     1%          4    None
 Ice Form                 Ice/Tmut       ######..     1%          4    None
 Leda's Liquefaction      Hex/Erth       ######....   1%          4    None
 Petrify                  Tmut/Erth      ######..     1%          4    None
 Sticky Flame             Conj/Fire      ######..     1%          4    None
 Alistair's Intoxication  Tmut/Pois      ######..     1%          5    #......
 Aura of Abjuration       Summ           ######....   1%          5    #......
 Blade Hands              Tmut           ######....   1%          5    #......
 Bolt of Magma            Conj/Fire/Erth ######....   1%          5    #......
 Lightning Bolt           Conj/Air       ######....   1%          5    #......
 Silence                  Hex/Air        ######....   1%          5    #......
 Yara's Violent Unravell  Hex/Tmut       ######....   1%          5    #......
 Darkness                 Hex            ######....   1%          6    ####...
 Deflect Missiles         Chrm/Air       ######....   1%          6    ####...
 Eringya's Noxious Bog    Tmut/Pois      ######....   1%          6    ####...
 Discord                  Hex            ######....   41%         8    #######
 Shatter                  Erth           ######....   100%        9    #######
 Animate Skeleton         Necr           Unusable     N/A         1    N/A
 Summon Butterflies       Summ           Unusable     N/A         1    N/A
 Summon Small Mammal      Summ           Unusable     N/A         1    N/A
 Call Imp                 Summ           Unusable     N/A         2    N/A
 Sticks to Snakes         Tmut           Unusable     N/A         2    N/A
 Recall                   Summ/Tloc      Unusable     N/A         3    N/A
 Summon Ice Beast         Ice/Summ       Unusable     N/A         4    N/A
 Summon Lightning Spire   Summ/Air       Unusable     N/A         4    N/A
 Summon Demon             Summ           Unusable     N/A         5    N/A
 Summon Forest            Summ/Tloc      Unusable     N/A         5    N/A
 Summon Mana Viper        Hex/Summ       Unusable     N/A         5    N/A
 Shadow Creatures         Summ           Unusable     N/A         6    N/A
 Malign Gateway           Summ/Tloc      Unusable     N/A         7    N/A
 Monstrous Menagerie      Summ           Unusable     N/A         7    N/A
 Summon Greater Demon     Summ           Unusable     N/A         7    N/A
 Summon Horrible Things   Summ           Unusable     N/A         8    N/A

Dungeon Overview and Level Annotations

Branches:
Dungeon (15/15)            Temple (0/1) D:7            Lair (6/6) D:8
  Swamp (4/4) Lair:2       Spider (4/4) Lair:2        Slime (5/5) Lair:5
    Orc (2/2) D:10            Elf (3/3) Orc:2        Vaults (4/5) D:13
  Crypt (0/3) Vaults:3     Depths (5/5) D:15           Hell (visited)
    Dis (0/7) Hell            Geh (7/7) Hell            Coc (0/7) Hell
    Tar (0/7) Hell            Zot (0/5) Depths:5      IceCv (visited)

Altars:
Ashenzari
Dithmenos
Elyvilon
Gozag
Nemelex Xobeh
Ru
Sif Muna
Trog
Uskayaw
Vehumet
Beogh
Jiyva

Shops:
D:7 [   D:11 ?   D:12 (   Orc:2 (%=(   Depths:2 %   Depths:4 =   Depths:5 ![[[

Portals:
Hell: Depths:1 Depths:2 Depths:3 Depths:4
Abyss: Depths:4
Pandemonium: Depths:1 Depths:3
Ziggurat: Depths:2
Trove: Depths:3 (give 2 scrolls of acquirement)

Annotations:
D:3 1 runed translucent door
Spider:4 2 runed translucent doors, kMk's ghost, adept DrIE


Innate Abilities, Weirdness & Mutations

Your experience applies equally to all skills.
You have very sharp teeth.
You are very dopey. (Int -4)
You are extremely frail. (-30% HP)
You cannot be stealthy.
You cannot study or use magical devices.
You are hated by all.
Your uncanny sense of smell can sniff out nearby items.
You have very sharp fingernails.
Your magical capacity is low. (-10% MP)
You occasionally shout uncontrollably at your foes.
Your muscles are strong. (Str +2)
You evolve.
Your spells are a little easier to cast, but a little less powerful.


Message History

Aiming: Lesser Beckoning (safe; 1% risk of failure)
Press: ? - help, Shift-Dir - straight line, f - reaper
Aim: a reaper, wielding a +0 scythe The reaper hurls suddenly forward!
You hear a roar!
You hear a hideous shriek!
A molten gargoyle comes into view. It is wielding a +0 flail.
You slice the reaper!! You burn the reaper! You bite the reaper!
The reaper is severely wounded.
You hit the reaper but do no damage. You bite the reaper!
The reaper is severely wounded.
You block the reaper's attack.
You slash the reaper! You burn the reaper.
The reaper is almost dead.
The rust devil is stunned by your will and fails to attack.
You slash the reaper! You burn the reaper.
You kill the reaper!
You slice the rust devil!!
The rust devil is severely wounded.
You redirect the rust devil's attack!
The rust devil barely misses itself.
You catch the helpless rust devil completely off-guard!
You slash the rust devil! You bite the rust devil.
The rust devil is almost dead.
The molten gargoyle blasts magma at you!
The bolt of magma misses you. You block the rust devil's attack.
You cut the rust devil into ribbons!!!
You kill the rust devil!
Casting: Lesser Beckoning (safe; 1% risk of failure)
Confirm with . or Enter, or press ? or * to list all spells.
Aiming: Lesser Beckoning (safe; 1% risk of failure)
Press: ? - help, Shift-Dir - straight line, f - molten gargoyle
Aim: a molten gargoyle, wielding a +0 flail The molten gargoyle hurls suddenly forward!
You redirect the molten gargoyle's attack!
The molten gargoyle closely misses you.
You riposte.
You hit the molten gargoyle but do no damage.
You hit the molten gargoyle.
You bite the molten gargoyle, but do no damage.
The molten gargoyle is lightly damaged.
You barely miss the molten gargoyle.
The molten gargoyle is lightly damaged.
The molten gargoyle blasts magma at you!
The bolt of magma misses you.
You cut the molten gargoyle into ribbons!!!
You destroy the molten gargoyle!
You are restored by drawing out deep reserves of power within.
You feel drained.
You start resting. "You do not belong in this place!"
You start resting.
You feel less exhausted.
You start resting.
A crimson imp comes into view.
You bark at the crimson imp!
The crimson imp shouts!
You hear a roar!
You open the huge gate.
There is a huge open gate here.
You bark at the Brimstone Fiend!
A Brimstone Fiend comes into view.
The Brimstone Fiend roars!
A hellion comes into view.
You redirect the Brimstone Fiend's attack!
Casting: Lesser Beckoning (safe; 1% risk of failure)
Confirm with . or Enter, or press ? or * to list all spells.
You turn into a living statue of rough stone.
The +0 pair of gloves of the Eagle {*Drain rN+ Dex+3 Slay+2} melds into your body.
The +0 pair of boots "Fusuut" {+Blink Dex+3} melds into your body.
The +9 scales of the Dragon King {rPois rF+ rC+ MR+} melds into your body.
You are starving!
The hellion begins to attack, but is stunned by your will!
The hellion gestures at you.
The sphere of damnation explodes!
The damnation engulfs you!!
You hear a roar!
You hear a hideous shriek!
You hear a shout!
You don't have the energy to cast that spell.
You eat one of the 42 rations.
That ration really hit the spot!
You hear a hideous shriek!
You hear a shout!
You redirect the hellion's attack!
The crimson imp blinks!
You slash the Brimstone Fiend!
The Brimstone Fiend is lightly wounded.
The Brimstone Fiend closely misses you. x2
You block the Brimstone Fiend's attack.
You hit the Brimstone Fiend but do no damage.
The Brimstone Fiend is lightly wounded.
The hellion gestures at you.
The sphere of damnation explodes!
The damnation engulfs you!!
The damnation engulfs the Brimstone Fiend.
The Brimstone Fiend completely resists.
You redirect the Brimstone Fiend's attack!
The Brimstone Fiend gestures at itself.
The sphere of damnation explodes!
The damnation engulfs the Brimstone Fiend.
The Brimstone Fiend completely resists.
The damnation engulfs the hellion.
The hellion completely resists.
The damnation engulfs you!!!
Something shouts, "Slither hence, thou cockered beetle-headed serf!"
You hear a shout! x3; You hear a roar!
A hellion comes into view.
The hellion gives a hideous shriek!
The hellion gestures at you.
The sphere of damnation explodes!
The damnation engulfs you!!
* * * LOW HITPOINT WARNING * * *
The damnation engulfs the hellion.
The hellion completely resists.
The damnation engulfs the Brimstone Fiend.
The Brimstone Fiend completely resists.
You block the Brimstone Fiend's attack.
The Brimstone Fiend completely misses you.
You block the Brimstone Fiend's attack. The hellion gestures at you.
The sphere of damnation explodes!
The damnation engulfs you!!
* * * LOW HITPOINT WARNING * * *
The damnation engulfs the hellion.
The hellion completely resists.
The damnation engulfs the Brimstone Fiend.
The Brimstone Fiend completely resists.
The Brimstone Fiend misses you.
You riposte.
You slice the Brimstone Fiend!!
The Brimstone Fiend is moderately wounded.
You block the Brimstone Fiend's attack. x2
You hear a shout!
You feel lost and a long, long way from home...
Casting: Statue Form (safe; 1% risk of failure)
Confirm with . or Enter, or press ? or * to list all spells.
Okay, then.
You are restored by drawing out deep reserves of power within.
You feel drained.
A balrug comes into view.
It is wielding a +2 demon whip of venom.
You redirect the hellion's attack!
The hellion completely misses you. The balrug gestures at you.
Something smites you!
* * * LOW HITPOINT WARNING * * *
You block the Brimstone Fiend's attack. The Brimstone Fiend misses you.
You block the Brimstone Fiend's attack. You block the hellion's attack.
Casting: Statue Form (safe; 1% risk of failure)
Confirm with . or Enter, or press ? or * to list all spells.
You erupt in a fountain of uncontrolled magic!
The hellion is blasted with magical radiation!!
The hellion is severely wounded.
The hellion twists and deforms.
The Brimstone Fiend is blasted with magical radiation!!
The Brimstone Fiend is heavily wounded.
The Brimstone Fiend twists and deforms.
You are very lightly contaminated with residual magic.
The hellion gestures at you.
The sphere of damnation explodes!
The damnation engulfs you!!
* * * LOW HITPOINT WARNING * * *
The damnation engulfs the hellion.
The hellion completely resists.
The damnation engulfs the Brimstone Fiend.
The Brimstone Fiend completely resists.
You block the Brimstone Fiend's attack. x2
The Brimstone Fiend hits you but does no damage.
The hellion completely misses you.
The Brimstone Fiend completely misses you. x3
You hear a roar!
You're too exhausted to unleash your apocalyptic power.
Casting: Irradiate (safe; 1% risk of failure)
Confirm with . or Enter, or press ? or * to list all spells.
You erupt in a fountain of uncontrolled magic!
The hellion is blasted with magical radiation!!
You kill the hellion!
You feel your intelligence returning.
The hellion is blasted with magical radiation!!
The hellion is almost dead.
The hellion twists and deforms.
The Brimstone Fiend is blasted with magical radiation!!
The Brimstone Fiend is almost dead.
The Brimstone Fiend twists and deforms.
A balrug comes into view. It is wielding a +0 demon whip of pain.
The hellion gestures at you.
The sphere of damnation explodes!
The damnation engulfs you!!
* * * LOW HITPOINT WARNING * * *
The damnation engulfs the Brimstone Fiend.
The Brimstone Fiend completely resists.
The damnation engulfs the hellion.
The hellion completely resists.
The Brimstone Fiend completely misses you.
You block the Brimstone Fiend's attack.
The Brimstone Fiend completely misses you.
The balrug moves out of view.
You feel much better.
You redirect the hellion's attack!
The hellion is stunned by your will and fails to attack.
The Brimstone Fiend begins to attack, but is stunned by your will!
A red devil comes into view.
It is wielding a +0 trident of freezing.
The hellion gestures at you.
The sphere of damnation explodes!
The damnation engulfs you!!
* * * LOW HITPOINT WARNING * * *
The damnation engulfs the Brimstone Fiend.
The Brimstone Fiend completely resists.
The damnation engulfs the hellion.
The hellion completely resists.
The Brimstone Fiend hits you but does no damage.
You block the Brimstone Fiend's attack. x2
Throwing (i - inventory)
m - 66 poisoned darts (quivered)
Press: ? - help, Shift-Dir - straight line, f - hellion
Aim: a hellion (almost dead, misshapen and mutated)
Okay, then.
Blink to where?
Press: ? - help, Dir - move target cursor
As you read the scroll of blinking, it crumbles to dust.
The red devil hops backward while attacking.
The red devil completely misses you.
You redirect the hellion's attack!
The Brimstone Fiend gestures at you.
The sphere of damnation explodes!
The damnation engulfs you!!
You die...

§......≈≈§§§§≈≈≈§§§
.........)..≈≈≈≈§≈§§≈≈≈§
§...#####.)..≈.≈≈≈§§≈§≈§
...##∆∆∆##)...≈§≈.≈≈≈≈≈≈≈
#### ∆#......§≈≈≈≈≈§§≈§
∆#.........≈≈§§§≈≈
∆#..)...4§≈§§§≈§≈≈ ##
∆∆∆##'.........§≈§≈§≈
..#####.''....8..≈§§≈§§≈
.........''........≈≈≈§§
..........''.)....≈§§≈§≈
.2........#####....≈§≈≈
###......##∆∆∆##...§.≈≈
∆∆###.12.#∆ ∆ ...§.≈§
#.§..#∆ ∆ ....≈§≈ ##.2.#∆
∆ ...§≈§§ ∆#...# ...≈≈≈§


You could see a Brimstone Fiend, a hellion and a red devil.

Vanquished Creatures
  the Royal Jelly (Slime:5)
  2 juggernauts
  The ghost of Usulitso the Severer, a veteran FoVM of Uskayaw (Vaults:1)
  A golden dragon (Depths:5)
  2 caustic shrikes (Depths:5)
  Geryon (Hell)
  2 profane servitors
  3 bone dragons
  5 liches
  3 Brimstone Fiends
  A hellephant (Abyss:1)
  4 tentacled monstrosities
  3 deep elf blademasters (Elf:3)
  A deep elf master archer (Elf:3)
  22 tentacled starspawn
  2 krakens
  Gastronok (Orc:1)
  18 acid blobs
  2 shadow dragons
  Frances (Swamp:2)
  A tengu reaver (Depths:3)
  Donald (Spider:4)
  3 thorn hunters
  20 azure jellies
  11 fire giants
  A daeva (Depths:2)
  A revenant (Hell)
  9 deep elf sorcerers
  Aizul (Swamp:3)
  6 ghost moths
  5 emperor scorpions (Spider:4)
  12 frost giants
  7 balrugs
  2 cacodemons
  3 orc warlords
  6 vault wardens
  4 draconian stormcallers (Depths:5)
  6 deep elf elementalists
  A draconian shifter (Depths:5)
  3 spriggan defenders
  10 reapers
  A war gargoyle (Hell)
  2 angels (Depths:2)
  5 entropy weavers
  4 deep elf demonologists (Elf:3)
  10 ironheart preservers
  24 stone giants
  32 very ugly things
  2 vampire knights
  75 starcursed masses
  2 purple draconians (Depths:5)
  A lorocyproca (Abyss:2)
  5 deep elf annihilators
  A black draconian (Depths:5)
  Snorg (Lair:6)
  14 ettins
  A red draconian (Depths:5)
  5 blizzard demons
  An eidolon (Abyss:2)
  A green death (Abyss:4)
  A deep elf death mage (Elf:3)
  4 death oozes (Slime:5)
  7 fire dragons
  8 yaktaur captains
  3 quicksilver dragon zombies
  2 quicksilver dragon skeletons (Geh:6)
  4 deep elf high priests
  9 rakshasas
  3 ghost crabs
  17 great orbs of eyes
  2 vault guards
  2 spriggan air magi
  17 hydras
  3 shambling mangroves
  A merfolk avatar (Abyss:1)
  A catoblepas (Lair:5)
  9 ice dragons
  5 centaur warriors
  45 two-headed ogres
  13 ogre magi
  38 thrashing horrors
  14 death yaks
  A two-headed ogre (shapeshifter) (Depths:4)
  24 dancing weapons
  A death knight (Abyss:4)
  10 deep troll shamans
  5 tengu warriors
  21 hell hogs
  2 vampire magi
  13 deep troll earth magi
  6 spriggan berserkers
  14 alligators
  2 titan zombies
  7 orc high priests
  8 sun demons
  2 soul eaters (Hell)
  7 spriggans
  17 deep elf knights
  4 storm dragon zombies
  Nergalle (D:12)
  2 shadow wraiths
  5 sixfirhies
  A fire crab (Abyss:4)
  A storm dragon skeleton (Vaults:3)
  17 wretched stars
  47 hell knights
  9 skeletal warriors
  3 anaconda zombies (Hell)
  2 shadow demons (Elf:3)
  3 iron trolls
  3 spatial maelstroms
  A deep troll (shapeshifter) (Depths:3)
  5 unseen horrors
  26 deep trolls
  6 flayed ghosts
  A spriggan druid (Swamp:3)
  A death drake (Abyss:2)
  5 glowing orange brains
  17 orc knights
  4 spectral hydras (Swamp:4)
  3 iron dragon zombies
  7 phantasmal warriors
  2 swamp dragons
  6 wizards
  2 shadow dragon zombies
  5 deep elf archers
  9 ironbrand convokers
  2 golden dragon skeletons (Geh:6)
  8 necromancers
  Pikel (D:6)
  An anaconda skeleton (Abyss:3)
  41 deep elf magi
  A lindwurm (shapeshifter) (Abyss:3)
  52 ugly things
  16 orb spiders
  2 cyclopes
  3 wolf spider zombies
  4 oklob plants (Lair:6)
  A frost giant zombie (Geh:4)
  2 stone giant zombies
  A salamander (Depths:4)
  2 fire giant zombies
  4 orc sorcerers
  A shadow dragon skeleton (Geh:6)
  A manticore (D:13)
  5 shining eyes
  25 wolf spiders
  4 worldbinders
  3 fire giant skeletons
  3 moths of wrath
  A water nymph (shapeshifter) (Abyss:5)
  4 rust devils
  5 apocalypse crabs
  A sphinx skeleton (Vaults:3)
  4 stone giant skeletons
  7 elephants
  18 smoke demons
  2 iron dragon skeletons
  6 molten gargoyles (Geh:7)
  7 black mambas
  34 spiny frogs
  4 eyes of devastation
  2 gargoyles
  A titan simulacrum (Abyss:4)
  8 vault sentinels
  6 orange demons
  6 kobold demonologists
  18 yaktaurs
  4 swamp worm zombies (Swamp:4)
  9 efreet
  2 dire elephant skeletons
  2 rime drakes
  15 ancient zymes
  6 hellwings
  7 tengu conjurers
  8 tormentors
  2 komodo dragons (shapeshifter)
  13 hellions
  8 freezing wraiths
  7 komodo dragons
  2 yaktaurs (shapeshifter)
  14 demonic crawlers
  A guardian mummy (D:15)
  8 ice devils
  2 queen bees
  2 elf skeletons
  A harpy zombie (Geh:4)
  A meliai (shapeshifter) (Depths:1)
  6 meliai
  2 silent spectres
  4 trolls
  2 hydra zombies (Swamp:4)
  42 large abominations
  A wind drake (shapeshifter) (Depths:1)
  16 red devils
  33 jumping spiders
  A polar bear (shapeshifter) (Elf:1)
  21 hornets
  13 tyrant leeches
  A sphinx simulacrum (Vaults:3)
  18 raiju
  6 alligator zombies
  4 fire dragon zombies
  3 spectral swamp dragons (Swamp:4)
  38 blink frogs
  A hippogriff (shapeshifter) (Depths:4)
  5 hydra skeletons
  6 dream sheep
  114 slime creatures
  40 flying skulls
  9 bog bodies
  15 hippogriffs
  3 ettin zombies
  A fire dragon skeleton (Geh:6)
  3 air elementals
  A frost giant simulacrum (Vaults:1)
  An alligator skeleton (Hell)
  37 yaks
  7 shadows
  10 water elementals
  8 ynoxinuls
  66 redbacks
  2 redbacks (shapeshifter)
  3 spriggans (shapeshifter)
  Sigmund (D:3)
  4 wyverns
  26 tarantellas
  19 wraiths
  A wyvern (shapeshifter) (Depths:2)
  A black mamba zombie (Geh:3)
  A dire elephant simulacrum (Abyss:5)
  A black mamba skeleton (Geh:3)
  An ettin skeleton (Vaults:3)
  11 neqoxecs
  19 golden eyes
  2 vampires
  A hungry ghost (D:12)
  13 fire elementals
  4 basilisks
  15 vampire mosquitoes
  A catoblepas simulacrum (Abyss:5)
  A basilisk (shapeshifter) (Depths:4)
  8 chaos spawn
  A steam dragon (D:8)
  A harpy simulacrum (Abyss:4)
  6 spatial vortices
  4 acid dragons
  6 insubstantial wisps
  9 wargs
  A naga (shapeshifter) (Depths:5)
  11 swamp worms
  A soldier ant (shapeshifter) (Vaults:1)
  A spiny frog zombie (Geh:7)
  15 water moccasins
  27 hell hounds
  3 floating eyes
  A deep troll skeleton (Vaults:3)
  6 porcupines
  4 swamp drakes
  46 orc warriors
  2 ice beasts
  6 sky beasts
  A snapping turtle zombie (Geh:6)
  7 swamp dragon zombies
  A black bear (shapeshifter) (Vaults:1)
  An ettin simulacrum (Vaults:1)
  A black bear (D:9)
  2 alligator simulacra
  11 eyes of draining
  6 necrophages
  9 phantoms
  16 boggarts
  21 wolves
  2 spiny frog skeletons (Hell)
  A manticore skeleton (Geh:6)
  11 centaurs
  35 ogres
  2 swamp dragon skeletons (Geh:3)
  A snapping turtle skeleton (Geh:6)
  6 human skeletons (Vaults:3)
  16 crocodiles
  3 big kobolds
  29 small abominations
  2 earth elementals
  23 bullfrogs
  A gnoll sergeant (D:12)
  A wyvern zombie (D:14)
  28 killer bees
  7 howler monkeys
  35 wights
  A howler monkey (shapeshifter) (Depths:2)
  4 electric eels
  10 crimson imps
  6 jellies
  3 quasits
  3 bullfrog zombies
  38 orc priests
  2 centaur skeletons
  9 hounds
  4 iron imps
  2 bullfrog skeletons
  2 iguanas
  25 orc wizards
  10 hell rats
  8 worker ants
  A hound zombie (D:5)
  4 gnolls (D:12)
  A swamp drake zombie (Swamp:4)
  5 adders
  A shadow imp (D:9)
  4 white imps
  3 ufetubi
  An ooze (D:2)
  A worm (D:2)
  4 leopard geckos
  99 orcs
  8 bats
  3 giant cockroaches
  4 goblins
  2 hobgoblins
  8 jackals
  24 kobolds
  5 quokkas
  A ball python (D:3)
  5 frilled lizards
  A kobold skeleton (Geh:3)
  5 rats
  9 briar patches (Swamp:2)
  A fire vortex (Geh:7)
  2 fungi
  5 plants
  22 starspawn tentacles
  7 tentacles
2819 creatures vanquished.

Vanquished Creatures (others)
  A caustic shrike (Depths:4)
  A deep elf master archer (Elf:3)
  An azure jelly (Slime:4)
  A stone giant (Depths:2)
  2 deep elf annihilators (Elf:3)
  2 yaktaur captains
  A vault guard (Vaults:4)
  A hydra (Swamp:1)
  An ogre mage (Vaults:1)
  A hell hog (Geh:1)
  A thrashing horror (Abyss:4)
  A wretched star (Abyss:5)
  An unseen horror (Abyss:4)
  A deep troll (Depths:2)
  A deep elf mage (Elf:2)
  An apocalypse crab (Abyss:4)
  A stone giant skeleton (Geh:4)
  2 spiny frogs
  An orange demon (Abyss:5)
  A tormentor (Abyss:4)
  6 yaktaurs
  2 ancient zymes
  A red devil (Geh:3)
  A hornet (Abyss:4)
  3 slime creatures
  A fire dragon skeleton (Geh:7)
  An ettin skeleton (Vaults:3)
  2 redbacks (Spider:4)
  A water elemental (Depths:1)
  6 flying skulls
  2 wraiths
  A ynoxinul (Abyss:4)
  A tarantella (Lair:2)
  A hungry ghost (D:12)
  A neqoxec (Abyss:4)
  2 vampire mosquitoes (D:12)
  A minotaur simulacrum (Abyss:4)
  A swamp worm (Swamp:2)
  2 harpy simulacra
  An insubstantial wisp (Swamp:4)
  An eye of draining (Abyss:2)
  3 centaurs
  3 small abominations
  A wight (D:7)
  A crimson imp (Geh:7)
  A starcursed mass (Abyss:5)
  A jelly (Abyss:1)
  A human simulacrum (Abyss:2)
  An ufetubus (Abyss:2)
  A leopard gecko (D:11)
  An orc (Orc:2)
  4 briar patches
  A fire vortex (Geh:7)
  100 fulminant prisms
  36 fungi
  2 lurking horrors
  75 plants
  57 starspawn tentacles
  9 tentacles
359 creatures vanquished.

Grand Total: 3178 creatures vanquished

Notes
Turn   | Place    | Note
-------+----------+-------------------------------------------
     0 | D:1      | FessEmpty the Gnoll Warper began the quest for the Orb.
     0 | D:1      | Reached XP level 1. HP: 20/20 MP: 6/6
    28 | D:1      | You fall into a shaft and drop 1 floor!
    59 | D:2      | Reached XP level 2. HP: 24/26 MP: 7/7
   118 | D:2      | Reached XP level 3. HP: 10/31 MP: 9/9
   325 | D:2      | Learned a level 2 spell: Blink
   364 | D:2      | Reached skill level 5 in Spellcasting
   544 | D:1      | Reached skill level 1 in Invocations
   859 | D:3      | Reached skill level 1 in Short Blades
   859 | D:3      | Reached skill level 1 in Axes
   859 | D:3      | Reached skill level 1 in Maces & Flails
   859 | D:3      | Reached skill level 1 in Polearms
   859 | D:3      | Reached skill level 1 in Staves
   859 | D:3      | Reached skill level 1 in Slings
   859 | D:3      | Reached skill level 1 in Bows
   859 | D:3      | Reached skill level 1 in Crossbows
   859 | D:3      | Reached skill level 1 in Stealth
   859 | D:3      | Reached skill level 1 in Shields
   859 | D:3      | Reached skill level 1 in Unarmed Combat
   859 | D:3      | Reached skill level 1 in Evocations
   867 | D:3      | Learned a level 3 spell: Confusing Touch
   871 | D:3      | Learned a level 3 spell: Dazzling Flash
   938 | D:5      | Entered Level 5 of the Dungeon
  1005 | D:4      | Reached skill level 1 in Conjurations
  1005 | D:4      | Reached skill level 1 in Hexes
  1005 | D:4      | Reached skill level 1 in Charms
  1005 | D:4      | Reached skill level 1 in Summonings
  1005 | D:4      | Reached skill level 1 in Necromancy
  1005 | D:4      | Reached skill level 1 in Transmutations
  1005 | D:4      | Reached skill level 1 in Fire Magic
  1005 | D:4      | Reached skill level 1 in Ice Magic
  1005 | D:4      | Reached skill level 1 in Air Magic
  1005 | D:4      | Reached skill level 1 in Earth Magic
  1005 | D:4      | Reached skill level 1 in Poison Magic
  1005 | D:4      | Reached XP level 4. HP: 33/38 MP: 11/11
  1088 | D:5      | Found a sacrificial altar of Ru.
  1137 | D:5      | Noticed a necrophage
  1150 | D:5      | Got a steaming plate armour
  1159 | D:5      | Killed a necrophage
  1159 | D:5      | Reached XP level 5. HP: 28/41 MP: 12/12
  1211 | D:5      | Noticed an ice beast
  1254 | D:5      | Reached XP level 6. HP: 10/48 MP: 13/13
  1658 | D:4      | Identified the cursed +1 plate armour "Ruatett" {+Inv} (You
                  | found it on level 5 of the Dungeon)
  1710 | D:3      | Found a runed translucent door.
  1710 | D:3      | Noticed an angel
  1750 | D:4      | Got an opalescent robe
  1815 | D:4      | Reached skill level 5 in Fighting
  1815 | D:4      | Reached skill level 5 in Long Blades
  1815 | D:4      | Reached skill level 5 in Dodging
  2121 | D:3      | Found a white marble altar of Elyvilon.
  2311 | D:3      | Identified the +1 robe of the Known World {rPois Str+3}
                  | (You found it on level 4 of the Dungeon)
  2411 | D:3      | Noticed Sigmund
  2428 | D:3      | Killed Sigmund
  2428 | D:3      | Reached XP level 7. HP: 47/56 MP: 15/15
  2622 | D:5      | Became a worshipper of Ru the Awakened
  2839 | D:9      | HP: 2/56 [hound (2)]
  3176 | D:10     | Entered Level 10 of the Dungeon
  3192 | D:10     | Noticed a troll
  3212 | D:9      | Noticed a two-headed ogre
  3248 | D:7      | Found Wakhaw's Antique Armour Shoppe.
  3268 | D:7      | Found an opulent altar of Gozag.
  3296 | D:7      | Got an ancient flail
  3297 | D:7      | Identified the +4 flail "Lusettia" {freeze, +Fly Str+3
                  | Int-5 SInv} (You found it on level 7 of the Dungeon)
  3310 | D:7      | Found a staircase to the Ecumenical Temple.
  3341 | D:7      | Reached XP level 8. HP: 41/63 MP: 16/16
  3832 | D:6      | Noticed Pikel
  3841 | D:6      | Killed Pikel
  3841 | D:6      | Reached XP level 9. HP: 31/69 MP: 15/18
  3956 | D:6      | Found a shattered altar of Ashenzari.
  3980 | D:6      | Found a sparkling altar of Nemelex Xobeh.
  4139 | D:6      | Got a warped mace
  4140 | D:6      | Identified the +2 mace of Guilt {vorpal, rN+ SInv} (You
                  | found it on level 6 of the Dungeon)
  4315 | D:7      | Found a shadowy altar of Dithmenos.
  4323 | D:7      | Gained mutation: You are hated by all. [Ru sacrifice]
  4323 | D:7      | Reached * piety under Ru
  4434 | D:7      | Reached skill level 5 in Throwing
  4434 | D:7      | Reached skill level 5 in Armour
  4902 | D:10     | Noticed an orc knight
  4963 | D:9      | Killed a two-headed ogre
  4963 | D:9      | Reached skill level 5 in Invocations
  5010 | D:9      | Reached XP level 10. HP: 70/77 MP: 20/20
  5435 | D:9      | Found a hide-covered altar of Uskayaw.
  5604 | D:10     | Reached skill level 5 in Short Blades
  5604 | D:10     | Reached skill level 5 in Axes
  5604 | D:10     | Reached skill level 5 in Maces & Flails
  5604 | D:10     | Reached skill level 5 in Polearms
  5604 | D:10     | Reached skill level 5 in Staves
  5604 | D:10     | Reached skill level 5 in Slings
  5604 | D:10     | Reached skill level 5 in Bows
  5604 | D:10     | Reached skill level 5 in Crossbows
  5604 | D:10     | Reached skill level 5 in Stealth
  5604 | D:10     | Reached skill level 5 in Shields
  5604 | D:10     | Reached skill level 5 in Unarmed Combat
  5604 | D:10     | Reached skill level 5 in Evocations
  5823 | D:10     | Gained mutation: You occasionally shout uncontrollably at
                  | your foes. [mutagenic glow]
  5886 | D:10     | Found a roughly hewn altar of Beogh.
  5886 | D:10     | Found a staircase to the Orcish Mines.
  6296 | D:11     | Found Zaepohodd's Magic Scroll Boutique.
  6297 | D:11     | Noticed a cyclops
  6319 | D:11     | Killed a cyclops
  7017 | D:12     | Noticed Nergalle
  7048 | D:12     | Killed Nergalle
  7048 | D:12     | Reached XP level 11. HP: 25/84 MP: 22/22
  7574 | D:13     | Found a frozen archway.
  7631 | IceCv    | Entered an ice cave
  7662 | IceCv    | Reached skill level 5 in Conjurations
  7662 | IceCv    | Reached skill level 5 in Hexes
  7662 | IceCv    | Reached skill level 5 in Charms
  7662 | IceCv    | Reached skill level 5 in Summonings
  7662 | IceCv    | Reached skill level 5 in Necromancy
  7662 | IceCv    | Reached skill level 5 in Transmutations
  7662 | IceCv    | Reached skill level 5 in Fire Magic
  7662 | IceCv    | Reached skill level 5 in Ice Magic
  7662 | IceCv    | Reached skill level 5 in Air Magic
  7662 | IceCv    | Reached skill level 5 in Earth Magic
  7662 | IceCv    | Reached skill level 5 in Poison Magic
  7966 | D:14     | Noticed a centaur warrior
  7982 | D:14     | Killed a centaur warrior
  7989 | D:14     | Noticed a white ugly thing
  7990 | D:14     | Noticed a white ugly thing
  8438 | D:13     | Noticed a manticore
  8458 | D:13     | Killed a manticore
  8674 | D:12     | Found Diaj's Antique Weapon Shop.
  8816 | D:12     | Noticed a brown ugly thing
  8829 | D:12     | Noticed a white ugly thing
  8873 | D:12     | Killed a red ugly thing
  9088 | D:11     | Killed a brown ugly thing
 10420 | D:12     | Got a scorched plate armour
 10441 | D:12     | Identified the cursed +0 plate armour "Vorups" {rF- rC+
                  | Dex+2} (You found it on level 12 of the Dungeon)
 10720 | D:10     | Killed an orc knight
 10720 | D:10     | Reached XP level 12. HP: 88/93 MP: 22/24
 11223 | D:8      | Found a bloodstained altar of Trog.
 11403 | D:8      | Found a staircase to the Lair.
 11449 | Lair:1   | Entered Level 1 of the Lair of Beasts
 11450 | Lair:1   | Identified a scroll of acquirement
 11450 | Lair:1   | Identified the +0 pair of boots "Fusuut" {+Blink Dex+3}
                  | (You acquired it on level 1 of the Lair of Beasts)
 11796 | Lair:2   | Noticed a seven-headed hydra
 12038 | Lair:1   | Identified the ring "Fuin" {Fire +Blink +Fly rN++ Dex-2}
                  | (You acquired it on level 1 of the Lair of Beasts)
 12052 | Lair:1   | Identified the +6 great mace of Qozih {protect, Int+3} (You
                  | acquired it on level 1 of the Lair of Beasts)
 12052 | Lair:1   | Identified the ring "Usiclis" {*Corrode +Blink rPois rF+++
                  | SInv} (You acquired it on level 1 of the Lair of Beasts)
 12247 | Lair:1   | Noticed a death yak
 12247 | Lair:1   | Noticed a death yak
 12247 | Lair:1   | Noticed a death yak
 12247 | Lair:1   | Noticed a death yak
 12247 | Lair:1   | Noticed a death yak
 12277 | Lair:1   | Killed a death yak
 12281 | Lair:1   | Noticed a death yak
 12622 | D:8      | Killed a death yak
 12787 | Lair:1   | Killed a death yak
 12868 | Lair:1   | Killed a death yak
 12948 | Lair:1   | Killed a death yak
 13029 | Lair:1   | Killed a death yak
 13516 | Lair:1   | Gained mutation: You are frail. (-10% HP) [Ru sacrifice]
 13516 | Lair:1   | Reached ** piety under Ru
 13516 | Lair:1   | Reached *** piety under Ru
 13947 | Lair:1   | Killed a seven-headed hydra
 14096 | Lair:2   | Found a staircase to the Swamp.
 14470 | Lair:2   | Reached XP level 13. HP: 34/90 MP: 26/26
 15404 | Lair:3   | Learned a level 3 spell: Mephitic Cloud
 15408 | Lair:3   | Learned a level 3 spell: Ignite Poison
 16379 | Lair:3   | Found a transporter.
 16403 | Lair:3   | Found a transporter.
 17880 | Lair:4   | Learned a level 4 spell: Passage of Golubria
 17884 | Lair:4   | Learned a level 3 spell: Gell's Gravitas
 17888 | Lair:4   | Learned a level 3 spell: Tukima's Dance
 18042 | Lair:5   | Found a staircase to the Slime Pits.
 18285 | Lair:4   | Reached skill level 10 in Spellcasting
 18320 | Lair:5   | Reached XP level 14. HP: 87/98 MP: 15/28
 18428 | Lair:6   | Entered Level 6 of the Lair of Beasts
 18676 | Lair:5   | Reached skill level 10 in Fighting
 18676 | Lair:5   | Reached skill level 10 in Long Blades
 18676 | Lair:5   | Reached skill level 10 in Dodging
 19108 | Lair:6   | Noticed Snorg
 19124 | Lair:6   | Killed Snorg
 20102 | Lair:5   | Reached skill level 10 in Invocations
 22456 | Lair:6   | Reached XP level 15. HP: 78/105 MP: 11/29
 22734 | Lair:6   | Learned a level 4 spell: Fulminant Prism
 22922 | Lair:6   | Reached skill level 10 in Throwing
 22922 | Lair:6   | Reached skill level 10 in Armour
 22952 | Lair:6   | Got a dazzling ring mail
 22963 | Lair:6   | Identified the cursed +1 ring mail of Democracy {rC+} (You
                  | found it on level 6 of the Lair of Beasts)
 23827 | Lair:2   | Found a hole to the Spider Nest.
 23909 | Spider:1 | Entered Level 1 of the Spider Nest
 24235 | Spider:1 | Learned a level 4 spell: Olgreb's Toxic Radiance
 25139 | Spider:3 | Reached skill level 10 in Translocations
 25414 | Spider:3 | Reached skill level 10 in Short Blades
 25414 | Spider:3 | Reached skill level 10 in Axes
 25414 | Spider:3 | Reached skill level 10 in Maces & Flails
 25414 | Spider:3 | Reached skill level 10 in Polearms
 25414 | Spider:3 | Reached skill level 10 in Staves
 25414 | Spider:3 | Reached skill level 10 in Slings
 25414 | Spider:3 | Reached skill level 10 in Bows
 25414 | Spider:3 | Reached skill level 10 in Crossbows
 25414 | Spider:3 | Reached skill level 10 in Stealth
 25414 | Spider:3 | Reached skill level 10 in Shields
 25414 | Spider:3 | Reached skill level 10 in Unarmed Combat
 25414 | Spider:3 | Reached skill level 10 in Evocations
 25498 | Spider:3 | Noticed a ghost moth
 25510 | Spider:3 | Killed a ghost moth
 25538 | Spider:2 | HP: 5/106 [poisoned by a ghost moth]
 25543 | Spider:2 | HP: 5/106 [poisoned by a ghost moth]
 25550 | Spider:2 | HP: 5/106 [poisoned by a ghost moth]
 25558 | Spider:2 | HP: 5/106 [poisoned by a ghost moth]
 26644 | Spider:3 | Learned a level 4 spell: Hailstorm
 26652 | Spider:3 | Learned a level 4 spell: Iskenderun's Mystic Blast
 26814 | Spider:4 | Entered Level 4 of the Spider Nest
 27285 | Spider:4 | Found a large runed translucent door.
 27286 | Spider:4 | Found a large runed translucent door.
 27291 | Spider:4 | Noticed kMk's ghost (adept DrIE)
 27896 | Spider:4 | Reached XP level 16. HP: 112/112 MP: 23/31
 28583 | Spider:4 | Got a pair of steaming gloves
 28599 | Spider:3 | Identified the +0 pair of gloves of the Eagle {*Drain rN+
                  | Dex+3 Slay+2} (You found it on level 4 of the Spider Nest)
 29712 | Spider:4 | Noticed Donald
 29931 | Spider:4 | Killed Donald
 30168 | Spider:4 | Gained mutation: Your magical capacity is low. (-10% MP)
                  | [mutagenic glow]
 30304 | Spider:4 | Gained mutation: You have sharp fingernails. [mutagenic
                  | glow]
 31005 | Spider:4 | Paralysed by a hornet for 3 turns
 31146 | Spider:4 | Got a gossamer rune of Zot
 31413 | Orc:1    | Entered Level 1 of the Orcish Mines
 31448 | Orc:2    | Entered Level 2 of the Orcish Mines
 31460 | Orc:1    | Noticed Gastronok
 31532 | Orc:1    | Killed Gastronok
 31776 | Orc:1    | Reached XP level 17. HP: 112/119 MP: 29/29
 32059 | Orc:1    | Found a roughly hewn altar of Beogh.
 32603 | Orc:2    | Found a staircase to the Elven Halls.
 32755 | Orc:2    | Found a radiant altar of Vehumet.
 32934 | Orc:2    | Found Ipilysti's Antique Weapon Boutique.
 32934 | Orc:2    | Found Qoiczido's Food Shop.
 32935 | Orc:2    | Found Kasaox's Weapon Shop.
 32940 | Orc:2    | Found Zigh's Jewellery Boutique.
 33092 | Orc:2    | Bought an uncursed ring of fire for 325 gold pieces
 33092 | Orc:2    | Bought an uncursed ring of ice for 325 gold pieces
 33179 | D:11     | Bought a scroll of brand weapon for 280 gold pieces
 33179 | D:11     | Bought a scroll of enchant weapon for 105 gold pieces
 33179 | D:11     | Bought a scroll of teleportation for 42 gold pieces
 33181 | D:11     | Bought a scroll of enchant armour for 105 gold pieces
 33181 | D:11     | Bought a scroll of enchant armour for 105 gold pieces
 33182 | D:11     | Bought a scroll of identify for 28 gold pieces
 33182 | D:11     | Bought a scroll of identify for 28 gold pieces
 33313 | Swamp:1  | Entered Level 1 of the Swamp
 33465 | Swamp:1  | Got a tattered robe
 34006 | Swamp:1  | Identified the cursed +0 robe of Inett {rPois Stlth+} (You
                  | found it on level 1 of the Swamp)
 34654 | Swamp:2  | Noticed Frances
 34810 | Swamp:2  | Killed Frances
 35215 | Swamp:3  | Upgraded the game from 0.25-a0-701-gb30f108f01 to
                  | 0.25-a0-707-g603da076d2
 35250 | Swamp:3  | Got a twitching marble ring
 35252 | Swamp:3  | Identified the ring of Optimism {rC+ Str+2 Int+2 Dex+9
                  | Stlth-} (You found it on level 3 of the Swamp)
 35367 | Swamp:3  | HP: 4/119 [eight-headed hydra (10)]
 35373 | Swamp:3  | Noticed Aizul
 35998 | Swamp:3  | Killed Aizul
 36310 | Swamp:4  | Entered Level 4 of the Swamp
 36826 | Swamp:3  | Learned a level 4 spell: Hailstorm
 37172 | Swamp:4  | Reached skill level 10 in Conjurations
 37172 | Swamp:4  | Reached skill level 10 in Hexes
 37172 | Swamp:4  | Reached skill level 10 in Charms
 37172 | Swamp:4  | Reached skill level 10 in Summonings
 37172 | Swamp:4  | Reached skill level 10 in Necromancy
 37172 | Swamp:4  | Reached skill level 10 in Transmutations
 37172 | Swamp:4  | Reached skill level 10 in Fire Magic
 37172 | Swamp:4  | Reached skill level 10 in Ice Magic
 37172 | Swamp:4  | Reached skill level 10 in Air Magic
 37172 | Swamp:4  | Reached skill level 10 in Earth Magic
 37172 | Swamp:4  | Reached skill level 10 in Poison Magic
 37290 | Swamp:4  | Reached XP level 18. HP: 116/126 MP: 31/31
 37493 | Swamp:4  | Learned a level 6 spell: Freezing Cloud
 38106 | Swamp:4  | Noticed a bone dragon
 38166 | Swamp:3  | Killed a bone dragon
 38304 | Swamp:4  | Got a decaying rune of Zot
 38665 | D:7      | Bought a cloak for 130 gold pieces
 38837 | D:13     | Found a gate to the Vaults.
 38977 | Vaults:1 | Entered Level 1 of the Vaults
 40163 | Vaults:3 | Reached XP level 19. HP: 133/133 MP: 17/32
 40411 | Vaults:2 | Found a runed translucent gate.
 40411 | Vaults:2 | Found a runed translucent gate.
 40415 | Vaults:2 | Found a runed translucent gate.
 40415 | Vaults:2 | Noticed Usulitso's ghost (veteran FoVM)
 40415 | Vaults:2 | Identified the cursed +0 kite shield "Onwiu" {Int+4 Dex+2}
 40417 | Vaults:2 | Found a roughly hewn altar of Beogh.
 40821 | Vaults:3 | Identified the Catalogue of Execration
 41817 | Vaults:4 | Reached XP level 20. HP: 140/140 MP: 9/33
 42754 | Vaults:3 | Found a staircase to the Crypt.
 43202 | Vaults:1 | Killed Usulitso's ghost
 43663 | D:15     | Entered Level 15 of the Dungeon
 44223 | D:15     | Found a staircase to the Depths.
 44391 | D:15     | Gained mutation: You are dopey. (Int -2) [Ru sacrifice]
 44391 | D:15     | Reached **** piety under Ru
 44579 | Depths:1 | Entered Level 1 of the Depths
 44586 | D:15     | Reached XP level 21. HP: 118/147 MP: 35/35
 45043 | Depths:3 | Found a portal to a secret trove of treasure.
 45291 | Depths:1 | Paralysed by a great orb of eyes for 2 turns
 45519 | Depths:1 | Found a one-way gate leading to the halls of Pandemonium.
 45571 | Depths:1 | Gained mutation: You cannot be stealthy. [Ru sacrifice]
 45571 | Depths:1 | Reached ***** piety under Ru
 45606 | Depths:1 | Found a gateway to Hell.
 45754 | Depths:3 | Reached skill level 15 in Invocations
 45915 | Depths:2 | Found a gateway to a ziggurat.
 46000 | Depths:2 | Found Jyfeul's Food Boutique.
 46451 | Depths:2 | Learned a level 5 spell: Fireball
 46483 | Depths:2 | Learned a level 6 spell: Iron Shot
 46587 | Depths:2 | Identified the ring "Piwidyutt" {rElec MR+}
 46587 | Depths:2 | Identified the ring "Vianiut" {*Tele +Inv rElec Slay-4}
 46591 | Depths:2 | Noticed a juggernaut
 46597 | Depths:2 | Identified the ring of the Rabble {rPois Str+2 Int+4 SInv
                  | Stlth+}
 46620 | Depths:2 | Killed a juggernaut
 46623 | Depths:2 | Reached XP level 22. HP: 152/154 MP: 2/36
 46780 | Depths:2 | Identified the ring "Ideolaonk" {rElec rF+ rN+ EV+2 Int-2}
                  | (You found it on level 2 of the Depths)
 47456 | Depths:3 | Reached skill level 15 in Spellcasting
 47541 | Depths:3 | Identified the Volume of the Fox
 47549 | Depths:3 | Learned a level 5 spell: Irradiate
 47550 | Depths:3 | Got a scorched tin ring
 47551 | Depths:3 | Identified the ring "Ypniynaff" {rElec rPois Int+3} (You
                  | found it on level 3 of the Depths)
 47600 | Depths:3 | Paralysed by a floating eye for 4 turns
 47770 | Depths:4 | Reached skill level 15 in Fighting
 47770 | Depths:4 | Reached skill level 15 in Long Blades
 47770 | Depths:4 | Reached skill level 15 in Dodging
 47798 | Depths:3 | Gained mutation: Your magical capacity is very low. (-20%
                  | MP) [mutagenic glow]
 47950 | Depths:4 | Found a transporter.
 47956 | Depths:4 | Found a transporter.
 47981 | Depths:5 | Entered Level 5 of the Depths
 47989 | Depths:5 | Noticed a caustic shrike
 47989 | Depths:5 | Noticed a caustic shrike
 47989 | Depths:5 | Noticed a juggernaut
 47989 | Depths:5 | Noticed a caustic shrike
 48049 | Depths:4 | Found a one-way gate to the infinite horrors of the Abyss.
 48430 | Depths:5 | Reached XP level 23. HP: 158/161 MP: 21/33
 48457 | Depths:5 | Found Japothot's Antique Armour Shop.
 48481 | Depths:5 | Found Amoesig's Armour Shop.
 48481 | Depths:5 | Found Foagece's Armour Boutique.
 48484 | Depths:5 | Found Emif Idgh's Distillery.
 48508 | Depths:5 | Killed a juggernaut
 48565 | Depths:5 | Gained mutation: You sometimes yell uncontrollably at your
                  | foes. [mutagenic glow]
 48598 | Depths:5 | Reached skill level 15 in Throwing
 48598 | Depths:5 | Reached skill level 15 in Armour
 48655 | Depths:5 | Gained mutation: You have sharp toenails. [mutagenic glow]
 48661 | Depths:5 | Lost mutation: Your magical capacity is very low. (-20% MP)
                  | [potion of mutation]
 48661 | Depths:5 | Lost mutation: You sometimes yell uncontrollably at your
                  | foes. [potion of mutation]
 48661 | Depths:5 | Lost mutation: You have sharp toenails. [potion of
                  | mutation]
 48661 | Depths:5 | Gained mutation: You can translocate small distances at
                  | will. [potion of mutation]
 48661 | Depths:5 | Gained mutation: You have very sharp fingernails. [potion
                  | of mutation]
 48681 | Depths:5 | Bought a potion of haste for 240 gold pieces
 48681 | Depths:5 | Bought a potion of resistance for 240 gold pieces
 48681 | Depths:5 | Bought a potion of curing for 72 gold pieces
 48681 | Depths:5 | Bought a potion of might for 96 gold pieces
 48681 | Depths:5 | Bought a potion of curing for 72 gold pieces
 48681 | Depths:5 | Bought a potion of haste for 240 gold pieces
 48681 | Depths:5 | Bought a potion of haste for 240 gold pieces
 48687 | Depths:5 | Bought an embroidered scarf for 320 gold pieces
 48754 | Depths:4 | Killed a caustic shrike
 48976 | Depths:5 | Identified the ring of Wu Jian's Reproof {Wiz rF- rN+ MR+
                  | SInv}
 48983 | Depths:5 | Killed a caustic shrike
 48988 | Depths:5 | Killed a caustic shrike
 49047 | Depths:5 | Noticed a golden dragon
 49104 | Depths:5 | Killed a golden dragon
 49190 | Depths:5 | Reached skill level 15 in Short Blades
 49190 | Depths:5 | Reached skill level 15 in Axes
 49190 | Depths:5 | Reached skill level 15 in Maces & Flails
 49190 | Depths:5 | Reached skill level 15 in Polearms
 49190 | Depths:5 | Reached skill level 15 in Staves
 49190 | Depths:5 | Reached skill level 15 in Slings
 49190 | Depths:5 | Reached skill level 15 in Bows
 49190 | Depths:5 | Reached skill level 15 in Crossbows
 49190 | Depths:5 | Reached skill level 15 in Shields
 49190 | Depths:5 | Reached skill level 15 in Unarmed Combat
 49190 | Depths:5 | Reached skill level 15 in Evocations
 49292 | Depths:5 | Found a gate to the Realm of Zot.
 49546 | Depths:4 | Identified the cursed ring of Foep {rElec Dex-3} (You found
                  | it on level 4 of the Depths)
 49595 | Depths:4 | Found Voytuss's Jewellery Boutique.
 49986 | Depths:4 | Voluntarily entered the Abyss.
 50382 | Abyss:2  | Found a corrupted altar of Lugonu.
 50792 | Abyss:3  | Reached XP level 24. HP: 170/170 MP: 38/38
 51006 | Abyss:4  | Identified the +4 broad axe of Slime {pain, +Blink MR-
                  | Dex+3} (You found it on level 4 of the Abyss)
 51524 | Abyss:4  | Paralysed by accursed screaming for 1 turns
 51530 | Abyss:4  | Paralysed by accursed screaming for 1 turns
 51537 | Abyss:5  | Entered Level 5 of the Abyss
 51537 | Abyss:5  | Found a corrupted altar of Lugonu.
 51599 | Abyss:5  | Found a corrupted altar of Lugonu.
 51614 | Abyss:5  | Found a corrupted altar of Lugonu.
 51689 | Abyss:5  | Paralysed by accursed screaming for 1 turns
 51696 | Abyss:5  | Found a corrupted altar of Lugonu.
 52007 | Depths:4 | Escaped the Abyss
 52061 | Depths:4 | Voluntarily entered the Abyss.
 52447 | Depths:4 | Escaped the Abyss
 52449 | Depths:4 | Voluntarily entered the Abyss.
 52969 | Abyss:2  | Gained mutation: You cannot study or use magical devices.
                  | [Ru sacrifice]
 52969 | Abyss:2  | Reached ****** piety under Ru
 53132 | Abyss:3  | Identified the Collected Works on the Vitriolic Entourage
 53155 | Abyss:3  | Reached XP level 25. HP: 177/177 MP: 38/39
 53740 | Abyss:4  | Paralysed by accursed screaming for 1 turns
 53741 | Abyss:5  | Entered Level 5 of the Abyss
 53942 | Abyss:5  | Found a corrupted altar of Lugonu.
 54236 | Abyss:5  | Paralysed by accursed screaming for 1 turns
 54253 | Abyss:5  | Got an abyssal rune of Zot
 54261 | Depths:4 | Escaped the Abyss
 54320 | Depths:4 | Learned a level 7 spell: Ring of Flames
 54913 | Slime:1  | Entered Level 1 of the Pits of Slime
 55022 | Slime:1  | Gained mutation: You are very dopey. (Int -4) [mutagenic
                  | glow]
 55219 | Slime:5  | Entered Level 5 of the Pits of Slime
 55368 | Slime:5  | Gained mutation: Scrolls take you a little longer to read.
                  | [a shining eye]
 55371 | Slime:5  | Gained mutation: You are occasionally teleported next to
                  | monsters. [a shining eye]
 55372 | Slime:5  | Gained mutation: Potions are less effective at restoring
                  | your health. [a shining eye]
 55418 | Slime:4  | Reached XP level 26. HP: 85/186 MP: 11/39
 55431 | Slime:4  | Lost mutation: Scrolls take you a little longer to read.
                  | [potion of mutation]
 55431 | Slime:4  | Lost mutation: Potions are less effective at restoring your
                  | health. [potion of mutation]
 55431 | Slime:4  | Lost mutation: You are occasionally teleported next to
                  | monsters. [potion of mutation]
 55431 | Slime:4  | Gained mutation: Your muscles are strong. (Str +2) [potion
                  | of mutation]
 55431 | Slime:4  | Lost mutation: You can translocate small distances at will.
                  | [potion of mutation]
 55431 | Slime:4  | Gained mutation: You evolve. [potion of mutation]
 55630 | Slime:4  | Gained mutation: You are very frail. (-20% HP) [a shining
                  | eye]
 55632 | Slime:4  | Gained mutation: Your spells are a little easier to cast,
                  | but a little less powerful. [a shining eye]
 55796 | Slime:5  | Reached skill level 15 in Translocations
 55921 | Slime:5  | Learned a level 3 spell: Lesser Beckoning
 55939 | Slime:5  | Found a viscous altar of Jiyva.
 55993 | Slime:5  | Noticed the Royal Jelly
 56076 | Slime:5  | Killed the Royal Jelly
 56176 | Slime:5  | Identified the Disquisition on the Supportive Birds
 56211 | Slime:5  | Got a slimy rune of Zot
 56217 | Slime:5  | Identified the cursed +0 plate armour of the Planets
                  | {Slay+3} (You found it on level 5 of the Pits of Slime)
 56228 | Slime:5  | Got a twitching platinum ring
 56248 | Slime:5  | Identified Igiupp's Reference Book on Creative
                  | Transmigration
 56580 | Elf:1    | Entered Level 1 of the Elven Halls
 56721 | Elf:3    | Entered Level 3 of the Elven Halls
 56960 | Elf:3    | Found a shimmering blue altar of Sif Muna.
 56962 | Elf:3    | Found the +9 scales of the Dragon King {rPois rF+ rC+ MR+}
 56974 | Elf:3    | Identified the amulet of the Peasants {RegenMP rElec rF+
                  | rN+ Str+9}
 56992 | Elf:3    | Identified the Compendium of Slavery
 57035 | Elf:3    | Got a pair of brightly glowing gloves
 57036 | Elf:3    | Identified the cursed +0 pair of gloves "Qaajuut" {Dex+5}
                  | (You found it on level 3 of the Elven Halls)
 57222 | Elf:2    | Found a runed translucent gate.
 57237 | Elf:2    | Found a runed translucent gate.
 57237 | Elf:2    | Found a runed translucent gate.
 58030 | Elf:3    | Identified the ring "Goxock" {Int+4 Stlth+}
 58041 | Elf:3    | Identified the cursed +3 war axe "Rujelir" {flame, rC- rN+
                  | Int+2}
 58093 | Elf:3    | Identified the +12 crystal plate armour of Reason {*Slow
                  | rF+ rN+ Dex+2}
 58093 | Elf:3    | Identified the ring of Piqat {rPois rF+ Dex+2}
 58309 | Elf:3    | Identified the +2 chain mail of Curiosity {rF+ Int+4}
 58395 | Elf:3    | Identified the +11 hand axe of the Boiling Point {flame,
                  | Dex+4}
 58395 | Elf:3    | Identified the +1 leather armour of Parlour Games {rPois
                  | Str+4}
 58488 | Elf:3    | Identified the +5 lajatang of Uplacrig {elec, +Fly rElec
                  | rC+}
 58566 | Elf:3    | Identified the amulet "Xunois" {Inacc Str-2 Dex+4 Stlth+}
                  | (You found it on level 3 of the Elven Halls)
 58576 | Elf:3    | Identified the Disquisition on Bewitchment
 58589 | Elf:3    | Identified the ring "Zoatuma" {rF- rC+ Int+4 Dex+7} (You
                  | found it on level 5 of the Pits of Slime)
 59028 | Hell     | Entered the Vestibule of Hell
 59030 | Hell     | Noticed Geryon
 59051 | Hell     | Killed Geryon
 59051 | Hell     | Reached XP level 27. HP: 154/172 MP: 21/40
 59104 | Hell     | Found a gateway to the decaying netherworld of Tartarus.
 59133 | Hell     | Gained mutation: You are extremely frail. (-30% HP)
                  | [mutagenic glow]
 59194 | Hell     | Learned a level 6 spell: Statue Form
 59194 | Hell     | Found a gateway to the freezing wastes of Cocytus.
 59248 | Hell     | Found a gateway to the Iron City of Dis.
 59299 | Hell     | Found a gateway to the ashen valley of Gehenna.
 59318 | Geh:1    | Entered Level 1 of Gehenna
 60181 | Geh:6    | Reached skill level 15 in Conjurations
 60181 | Geh:6    | Reached skill level 15 in Hexes
 60181 | Geh:6    | Reached skill level 15 in Charms
 60181 | Geh:6    | Reached skill level 15 in Summonings
 60181 | Geh:6    | Reached skill level 15 in Necromancy
 60181 | Geh:6    | Reached skill level 15 in Transmutations
 60181 | Geh:6    | Reached skill level 15 in Fire Magic
 60181 | Geh:6    | Reached skill level 15 in Ice Magic
 60181 | Geh:6    | Reached skill level 15 in Air Magic
 60181 | Geh:6    | Reached skill level 15 in Earth Magic
 60181 | Geh:6    | Reached skill level 15 in Poison Magic
 60392 | Geh:7    | Entered Level 7 of Gehenna
 60825 | Geh:7    | HP: 5/196 [hellion/damnation (33)]
 60827 | Geh:7    | Killed from afar by a Brimstone Fiend

Levels and vault maps discovered:
D:1:      wheals_arrival_linesprint, layout_basic
D:2:      layout_loops_cross
D:3:      layout_loops_ring, nicolae_tso_swordbearing_angel,
          lemuel_coloured_pillars_altar, elyvilon_altar_3, lemuel_round_altar,
          lemuel_angel_altar, uniq_sigmund
D:4:      layout_basic, yredelemnul_forgotten_temple_becter,
          portal_sewer_entry_c, first_ration
D:5:      layout_cave_pools, nicolae_ru_sacrificial_ziggurat, nzn_random_ring
D:6:      layout_loops_corners, overflow_temple_1_default, marbit_many_paths,
          basic_altar, nicolae_sextant, chequers_serial_rivers_small_a,
          uniq_pikel
D:7:      layout_gridville, lemuel_crystal_altar, nicolae_gozag_seed_capital,
          minmay_temple_entry_statues, serial_shops, nicolae_shop_stone
D:8:      minmay_general_purpose_star, layout_layer_cave,
          nicolae_overflow_crystal_walls, kennysheep_mini_moat, lair_entry_dummy
D:9:      layout_irregular_city, eat_drink_and_be_merry_uskayaw
D:10:     layout_basic, david_orc_5
D:11:     layout_roguey, grunt_ogre_cave, roderic_lattice_a,
          kennysheep_small_circle
D:12:     layout_loops_corners, serial_shops, nicolae_shop_waterfront,
          minivault_7, uniq_nergalle
D:13:     layout_stronghold, skrybe_vaults_entry_preservation,
          portal_ice_cave_entry_pillars_1
D:14:     layout_basic, minmay_misc_feat_cross, serial_rivers,
          chequers_serial_rivers_micro_d, chequers_serial_rivers_small_3,
          chequers_serial_rivers_small_b, chequers_serial_rivers_marsh
D:15:     gammafunk_depths_entry_grave, layout_stronghold,
          minmay_misc_feat_diagonals, chequers_big_river, corexii_corridor_pit
Lair:1:   layout_cave_pods, grunt_megastairs_5
Lair:2:   layout_chaotic_city, swamp_mist, spider_nest_entry_funnel_web,
          serial_bayou_shore_b
Lair:3:   gammafunk_cloud_chamber, layout_cave_pods
Lair:4:   layout_hall_layers, beast_lair_carwin_9, grunt_megastairs_2,
          serial_bayou_shore_a
Lair:5:   layout_loops_ring, slime_dummy
Lair:6:   minmay_lair_end_frog_pond, layout_cave_pods,
          minmay_lair_oklob_chamber, uniq_snorg
Swamp:1:  layout_falls_marsh, infiniplex_staircase_pool_2
Swamp:2:  layout_basic_swamp, evilmike_swamp_ruin_house_2, uniq_frances
Swamp:3:  layout_basic_swamp, hangedman_swamp_ruin_wall, swamp_pool1,
          grunt_witch_cave, infiniplex_staircase_pool, uniq_aizul
Swamp:4:  swamp_pestilence, layout_basic_swamp, swamp_pool4, ldierk_geyser
Spider:1: layout_spider_delve, einodemon_crawler_minivault
Spider:2: layout_spider_delve
Spider:3: layout_spider_delve, drop_trap
Spider:4: grunt_spider_rune_parallel, ebering_ghost_disaster_area, drop_trap,
          uniq_donald
Slime:1:  layout_caves
Slime:2:  layout_caves
Slime:3:  layout_caves
Slime:4:  layout_caves
Slime:5
Orc:1:    layout_caves, special_room [special_room_orc], uniq_gastronok
Orc:2:    st_orc_mages, layout_caves, basic_altar
Elf:1:    layout_geoelf_octagon, minivault_28, grunt_megastairs_3, uniq_asterion
Elf:2:    layout_onion_city, patterned_corridor
Elf:3:    minmay_elf_hall_furrowed, layout_loops_cross,
          serial_sigils_hangedman_writhe, hangedman_summoners_spam
Vaults:1: nicolae_vaults_network_square, nicolae_vaults_know_your_exits,
          vaults_dpeg_ring, v_alt_pattern_1, v_pattern_5,
          nicolae_vaults_asterisk, serial_ice_h, layout_vaults_quadrants
Vaults:2: biasface_vaults_ghost_orc_armoury, hangedman_vaults_slice,
          vaults_dpeg_spiral, vaults_dpeg_cross, v_alt_pattern_1,
          ontoclasm_vaults_loading_screen, hangedman_vaults_river_flow,
          ontoclasm_vaults_gateway, nicolae_vaults_alarming,
          layout_vaults_maze_snakey
Vaults:3: v_alt_pattern_2, grunt_vaults_hallway_long, nicolae_vaults_big_ls,
          v_rooms_1, minmay_crypt_entry_skeletal_spiral, vaults_mumra_hexcomb,
          vaults_room_stairs_pillars, v_misc_31, v_pattern_2,
          nicolae_vaults_little_squares_4, layout_vaults_omnicross
Vaults:4: v_misc_27, v_misc_27, ontoclasm_vaults_decontamination,
          grunt_vaults_diagonal, vaults_room_door_ring,
          vaults_standard_mumra_enter_the_diamond, grunt_vaults_hallway_long,
          v_misc_9, ontoclasm_vaults_ring_square,
          hangedman_vaults_corner_blocks, nicolae_vaults_circle_grid_b,
          vaults_dpeg_encased_lava, ontoclasm_vaults_fault, v_misc_27,
          serial_ice_b, layout_vaults_omnibox
Depths:1: layout_gridlike, pf_coc_iceberg, corexii_corridor_pit, pan_entry,
          abandoned_shop, chequers_serial_rivers_large_a, grunt_ministairs_14,
          lemuel_freeze_loot_1
Depths:2: minmay_the_grid_triangle_9x9_line_8_mashed
          [minmay_the_grid_triangle_9x9_from_above,
          minmay_the_grid_triangle_9x9_corrupted_corridor,
          minmay_the_grid_triangle_9x9_swiss_cheese,
          minmay_the_grid_triangle_9x9_stretched_checkered,
          minmay_the_grid_triangle_9x9_thin_v,
          minmay_the_grid_triangle_9x9_pentomino_pain,
          minmay_the_grid_triangle_9x9_empty,
          minmay_the_grid_triangle_9x9_prize_special], layout_basic,
          enter_ziggurat_d, serial_shops, nicolae_shop_crystal,
          lemuel_statue_altar, hell_entry, minmay_librarian,
          infiniplex_staircase_trident
Depths:3: evilmike_hourglass, layout_cross, kennysheep_cross_room,
          enter_trove_1, hell_entry, serial_column_ruins,
          column_ruins_portal_squares, column_ruins_hut_water,
          column_ruins_open_large, column_ruins_columns_straight,
          column_ruins_columns_straight, column_ruins_grid_4,
          rand_demon_pan_entry_7
Depths:4: gammafunk_jiyva_shrine, layout_cave_pools, abyss_entry_crystal,
          hell_entry, serial_shops, shop, ebering_dispersal_statue_hall
Depths:5: evilmike_zot_entry_argh, layout_cave_shapes, lightli_too_deep,
          st_stairs_11, minmay_shoptagon
Hell
Geh:1:    layout_gehenna_pools_box
Geh:2:    layout_gehenna_pools_triple
Geh:3:    layout_gehenna_pools_basic
Geh:4:    layout_gehenna_pools_triple
Geh:5:    layout_gehenna_pools_triple
Geh:6:    layout_gehenna_pools_triple
Geh:7:    geh_grunt_pentagon

Skill      XL: |  1  2  3  4  5  6  7  8  9 10 11 12 13 14 15 16 17 18 19 20 21 22 23 24 25 26 27 |
---------------+----------------------------------------------------------------------------------+-----
Spellcasting   | 5 6 7 8 9 10 11 12 13 14 15 16 17 18 | 18.1
Invocations    | 1 2 3 4 5 6 7 8 9 10 11 12 13 14 15 16 17 18 | 18.9
Short Blades   | 1 2 3 4 5 6 7 8 9 10 11 12 13 14 15 16 17 | 17.5
Axes           | 1 2 3 4 5 6 7 8 9 10 11 12 13 14 15 16 17 | 17.5
Maces & Flails | 1 2 3 4 5 6 7 8 9 10 11 12 13 14 15 16 17 | 17.5
Polearms       | 1 2 3 4 5 6 7 8 9 10 11 12 13 14 15 16 17 | 17.5
Staves         | 1 2 3 4 5 6 7 8 9 10 11 12 13 14 15 16 17 | 17.5
Slings         | 1 2 3 4 5 6 7 8 9 10 11 12 13 14 15 16 17 | 17.5
Bows           | 1 2 3 4 5 6 7 8 9 10 11 12 13 14 15 16 17 | 17.5
Crossbows      | 1 2 3 4 5 6 7 8 9 10 11 12 13 14 15 16 17 | 17.5
Stealth        | 1 2 3 4 5 6 7 8 9 10 11 12 13 0 |  0.0
Shields        | 1 2 3 4 5 6 7 8 9 10 11 12 13 14 15 16 17 | 17.5
Unarmed Combat | 1 2 3 4 5 6 7 8 9 10 11 12 13 14 15 16 17 | 17.5
Evocations     | 1 2 3 4 5 6 7 8 9 10 11 12 13 14 15 0 |  0.0
Conjurations   | 1 2 3 4 5 6 7 8 9 10 11 12 13 14 15 | 15.1
Hexes          | 1 2 3 4 5 6 7 8 9 10 11 12 13 14 15 | 15.1
Charms         | 1 2 3 4 5 6 7 8 9 10 11 12 13 14 15 | 15.1
Summonings     | 1 2 3 4 5 6 7 8 9 10 11 12 13 14 15 | 15.1
Necromancy     | 1 2 3 4 5 6 7 8 9 10 11 12 13 14 15 | 15.1
Transmutations | 1 2 3 4 5 6 7 8 9 10 11 12 13 14 15 | 15.1
Fire Magic     | 1 2 3 4 5 6 7 8 9 10 11 12 13 14 15 | 15.1
Ice Magic      | 1 2 3 4 5 6 7 8 9 10 11 12 13 14 15 | 15.1
Air Magic      | 1 2 3 4 5 6 7 8 9 10 11 12 13 14 15 | 15.1
Earth Magic    | 1 2 3 4 5 6 7 8 9 10 11 12 13 14 15 | 15.1
Poison Magic   | 1 2 3 4 5 6 7 8 9 10 11 12 13 14 15 | 15.1
Throwing       | 3 4 5 6 7 8 9 10 11 12 13 14 15 16 17 | 17.7
Armour         | 3 4 5 6 7 8 9 10 11 12 13 14 15 16 17 | 17.7
Fighting       | 5 6 7 8 9 10 11 12 13 14 15 16 17 18 | 18.0
Long Blades    | 5 6 7 8 9 10 11 12 13 14 15 16 17 18 | 18.0
Dodging        | 5 6 7 8 9 10 11 12 13 14 15 16 17 18 | 18.0
Translocations | 6 7 8 9 10 11 12 13 14 15 | 15.9

Action                   |  1- 3 |  4- 6 |  7- 9 | 10-12 | 13-15 | 16-18 | 19-21 | 22-24 | 25-27 || total
-------------------------+-------+-------+-------+-------+-------+-------+-------+-------+-------++-------
Melee: Falchion          |    90 |       |       |       |       |       |       |       |       ||    90
       Bite              |     8 |    19 |    26 |   109 |   143 |   224 |   228 |   342 |   443 ||  1542
       Rapier            |     5 |   143 |    62 |   347 |       |       |       |       |       ||   557
       Punch             |       |     2 |     1 |     9 |     2 |       |       |       |       ||    14
       Flail             |       |       |    90 |   334 |    12 |    44 |    29 |       |       ||   509
       Great sword       |       |       |    78 |       |       |       |       |       |       ||    78
       Broad axe         |       |       |       |    75 |       |       |       |       |       ||    75
       Dagger            |       |       |       |     8 |       |       |       |       |       ||     8
       Great mace        |       |       |       |   164 |   870 |    68 |       |       |       ||  1102
       Eveningstar       |       |       |       |       |       |   544 |       |       |       ||   544
       Double sword      |       |       |       |       |       |   473 |   787 |  1231 |  1656 ||  4147
       Staff             |       |       |       |       |       |       |       |       |    17 ||    17
Throw: Boomerang         |     5 |       |       |       |       |       |       |       |       ||     5
       Dart              |       |     3 |     9 |    86 |    98 |    22 |     8 |    11 |       ||   237
       Throwing net      |       |       |       |     6 |       |     1 |       |       |       ||     7
 Cast: Confusing Touch   |       |     4 |       |       |     7 |     5 |     5 |     7 |     3 ||    31
       Blink             |       |       |       |     1 |       |     2 |       |       |       ||     3
       Mephitic Cloud    |       |       |       |       |    81 |    48 |    11 |    25 |       ||   165
       Ignite Poison     |       |       |       |       |    92 |    66 |    81 |    24 |     5 ||   268
       Dazzling Flash    |       |       |       |       |    20 |     4 |       |       |       ||    24
       Passage of Golubr |       |       |       |       |     4 |    20 |     9 |    11 |     7 ||    51
       Gell's Gravitas   |       |       |       |       |     2 |     7 |     1 |       |       ||    10
       Olgreb's Toxic Ra |       |       |       |       |    18 |    80 |   106 |    43 |     9 ||   256
       Fulminant Prism   |       |       |       |       |    15 |    81 |     3 |     1 |     1 ||   101
       Iskenderun's Myst |       |       |       |       |     3 |    28 |    62 |    41 |    21 ||   155
       Hailstorm         |       |       |       |       |     1 |     4 |       |       |       ||     5
       Freezing Cloud    |       |       |       |       |       |     8 |    17 |     2 |     9 ||    36
       Fireball          |       |       |       |       |       |       |     2 |     4 |     5 ||    11
       Irradiate         |       |       |       |       |       |       |       |    78 |    82 ||   160
       Iron Shot         |       |       |       |       |       |       |       |    44 |    69 ||   113
       Lesser Beckoning  |       |       |       |       |       |       |       |       |    40 ||    40
       Ring of Flames    |       |       |       |       |       |       |       |       |     4 ||     4
       Statue Form       |       |       |       |       |       |       |       |       |     9 ||     9
Invok: Sacrifice Love    |       |       |     1 |       |       |       |       |       |       ||     1
       Reject Sacrifices |       |       |       |     1 |     2 |     2 |       |     2 |       ||     7
       Sacrifice Health  |       |       |       |     1 |       |       |       |       |       ||     1
       Draw Out Power    |       |       |       |       |     4 |     7 |     1 |     4 |     4 ||    20
       Sacrifice Purity  |       |       |       |       |       |       |     1 |       |       ||     1
       Sacrifice Stealth |       |       |       |       |       |       |     1 |       |       ||     1
       Sacrifice Artific |       |       |       |       |       |       |       |     1 |       ||     1
       Apocalypse        |       |       |       |       |       |       |       |       |     4 ||     4
 Abil: Evoke Invisibilit |       |     1 |     8 |    24 |     5 |     7 |       |       |       ||    45
       Evoke Blink       |       |       |       |     3 |    24 |     8 |     2 |       |       ||    37
       Evoke Flight      |       |       |       |     1 |     1 |    17 |     2 |     1 |       ||    22
Evoke: Wand              |       |       |       |     1 |     6 |    32 |     6 |     2 |       ||    47
       Phial of floods   |       |       |       |       |       |       |       |     1 |       ||     1
  Use: Scroll            |       |     3 |     4 |    13 |    17 |    35 |    10 |    11 |    12 ||   105
       Potion            |       |     2 |     1 |    11 |     7 |     9 |       |     3 |     6 ||    39
 Stab: Sleeping          |     2 |     1 |       |       |       |     3 |    13 |       |       ||    19
       Invisible         |       |     2 |    12 |    56 |    38 |    29 |     1 |     6 |    12 ||   156
       Confused          |       |     1 |       |       |    20 |    25 |    26 |    22 |     3 ||    97
       Distracted        |       |       |       |       |     5 |     7 |     8 |     7 |    12 ||    39
       Held in net/web   |       |       |       |       |       |     3 |       |       |       ||     3
       Paralysed         |       |       |       |       |       |       |       |       |     6 ||     6
  Eat: Chunk             |       |     2 |     7 |    29 |    31 |    19 |    12 |    11 |     9 ||   120
       Ration            |       |     1 |     1 |     7 |     5 |    10 |     4 |     6 |     9 ||    43
Armor: Leather armour    |    26 |    33 |       |       |       |       |       |       |       ||    59
       Plate armour      |       |   111 |   161 |   754 |   987 |   371 |       |       |       ||  2384
       Acid dragon scale |       |       |       |       |       |    73 |    77 |   165 |    95 ||   410
       Gold dragon scale |       |       |       |       |       |       |       |       |   168 ||   168
       Skin              |       |       |       |       |       |       |       |       |    48 ||    48
Dodge: Dodged            |    99 |    97 |   113 |   574 |   935 |   569 |   386 |   742 |   875 ||  4390
Block: Kite shield       |       |       |       |   147 |       |   920 |   602 |  1051 |  1630 ||  4350
       Reflection        |       |       |       |       |       |    23 |    43 |    26 |    43 ||   135
       Rpst.: Falchion   |    27 |       |       |       |       |       |       |       |       ||    27
       Great sword       |       |       |    17 |       |       |       |       |       |       ||    17
       Double sword      |       |       |       |       |       |    29 |    72 |   116 |   167 ||   384

Table legend:
 A = Non-vault XP
 B = Vault XP
 C = Vault XP percentage of total XP
 D = Non-vault monster count
 E = Vault monster count
 F = Vault count percentage of total count
                 A         B        C        D         E       F
            +---------+---------+-------+---------+---------+-------
      Total |  993879 |  433028 |  30.3 |    2102 |     696 |  24.9
            +---------+---------+-------+---------+---------+-------
        D:1 |      13 |       0 |   0.0 |      10 |       0 |   0.0
        D:2 |      74 |       0 |   0.0 |      24 |       0 |   0.0
        D:3 |      36 |     212 |  85.5 |      12 |       1 |   7.7
        D:4 |     234 |       0 |   0.0 |      11 |       0 |   0.0
        D:5 |     268 |     132 |  33.0 |       6 |       1 |  14.3
        D:6 |     567 |     607 |  51.7 |      13 |       1 |   7.1
        D:7 |    1708 |       0 |   0.0 |      31 |       0 |   0.0
        D:8 |    1550 |     394 |  20.3 |      13 |       4 |  23.5
        D:9 |    1692 |       3 |   0.2 |      15 |       1 |   6.2
       D:10 |    1155 |    1331 |  53.5 |      13 |      21 |  61.8
       D:11 |    1265 |     721 |  36.3 |      14 |       3 |  17.6
       D:12 |    3653 |    2852 |  43.8 |      45 |      19 |  29.7
       D:13 |    3399 |    3707 |  52.2 |      24 |       8 |  25.0
       D:14 |    5573 |       0 |   0.0 |      20 |       0 |   0.0
       D:15 |   12372 |    3665 |  22.9 |      27 |       8 |  22.9
     Lair:1 |    9212 |       0 |   0.0 |      25 |       0 |   0.0
     Lair:2 |    5769 |     916 |  13.7 |      29 |       4 |  12.1
     Lair:3 |    9644 |    2191 |  18.5 |      27 |       5 |  15.6
     Lair:4 |    5419 |    2660 |  32.9 |      34 |       7 |  17.1
     Lair:5 |   12855 |    8049 |  38.5 |      44 |      30 |  40.5
     Lair:6 |   11593 |    8478 |  42.2 |      32 |      28 |  46.7
    Swamp:1 |   12815 |       0 |   0.0 |      29 |       0 |   0.0
    Swamp:2 |   14783 |    2224 |  13.1 |      26 |       1 |   3.7
    Swamp:3 |   12042 |    8383 |  41.0 |      35 |       6 |  14.6
    Swamp:4 |   14062 |   12761 |  47.6 |      20 |      45 |  69.2
   Spider:1 |    2468 |       0 |   0.0 |       6 |       0 |   0.0
   Spider:2 |    5000 |       0 |   0.0 |      17 |       0 |   0.0
   Spider:3 |   19255 |     323 |   1.6 |      54 |       1 |   1.8
   Spider:4 |   27679 |   25465 |  47.9 |      62 |      49 |  44.1
    Slime:1 |    5061 |       0 |   0.0 |      13 |       0 |   0.0
    Slime:2 |    6353 |       0 |   0.0 |       7 |       0 |   0.0
    Slime:3 |    1710 |       0 |   0.0 |       1 |       0 |   0.0
    Slime:4 |   21104 |    2597 |  11.0 |      51 |       2 |   3.8
    Slime:5 |   13798 |   31668 |  69.7 |      29 |      13 |  31.0
      Orc:1 |    1771 |    7836 |  81.6 |      18 |      25 |  58.1
      Orc:2 |    3329 |    5900 |  63.9 |      42 |      49 |  53.8
      Elf:1 |    3451 |     881 |  20.3 |       7 |       2 |  22.2
      Elf:2 |   11237 |   22256 |  66.4 |      19 |      30 |  61.2
      Elf:3 |   18926 |   50701 |  72.8 |      28 |      40 |  58.8
   Vaults:1 |   15776 |   13348 |  45.8 |      29 |      21 |  42.0
   Vaults:2 |   27514 |   13892 |  33.6 |      41 |      31 |  43.1
   Vaults:3 |   27286 |   37652 |  58.0 |      32 |      62 |  66.0
   Vaults:4 |   44698 |   18502 |  29.3 |      67 |      26 |  28.0
   Depths:1 |   38681 |    4933 |  11.3 |      55 |       3 |   5.2
   Depths:2 |   42121 |   32566 |  43.6 |      48 |      24 |  33.3
   Depths:3 |   34847 |   18212 |  34.3 |      47 |      17 |  26.6
   Depths:4 |   49239 |    6275 |  11.3 |      57 |       5 |   8.1
   Depths:5 |   59980 |   24708 |  29.2 |      48 |      15 |  23.8
       Hell |   17260 |   20276 |  54.0 |      19 |      35 |  64.8
      Geh:1 |   12162 |       0 |   0.0 |      31 |       0 |   0.0
      Geh:3 |   25035 |       0 |   0.0 |      65 |       0 |   0.0
      Geh:4 |    6960 |       0 |   0.0 |      19 |       0 |   0.0
      Geh:5 |   16984 |       0 |   0.0 |      45 |       0 |   0.0
      Geh:6 |   44854 |       0 |   0.0 |      72 |       0 |   0.0
      Geh:7 |   19703 |    9762 |  33.1 |      42 |      17 |  28.8
    Abyss:1 |   37835 |    4604 |  10.8 |      65 |       7 |   9.7
    Abyss:2 |   40826 |    2315 |   5.4 |      63 |       1 |   1.6
    Abyss:3 |   29321 |    2438 |   7.7 |      70 |       4 |   5.4
    Abyss:4 |   63348 |   10811 |  14.6 |     145 |       8 |   5.2
    Abyss:5 |   56554 |    5135 |   8.3 |     109 |      11 |   9.2
      IceCv |       0 |     686 | 100.0 |       0 |       5 | 100.0
            +---------+---------+-------+---------+---------+-------
